 Dungeon Crawl Stone Soup version 0.28.0-47-ge53b351184 (webtiles) character file.

Game seed: 13541302244950987691

96 bobregger the Chopper (level 4, -4/37 HPs)
             Began as a Human Berserker on Apr 26, 2022.
             Was a Believer of Trog.
             Slain by Sigmund
             ... wielding a +0 scythe
              (11 damage)
             ... on level 3 of the Dungeon.
             The game lasted 00:02:58 (2942 turns).

bobregger the Chopper (Human Berserker)             Turns: 2942, Time: 00:02:58

Health: -4/37      AC:  3    Str: 19    XL:     4   Next: 98%
Magic:  4/4        EV: 12    Int:  7    God:    Trog [**....]
Gold:   36         SH:  0    Dex: 13    Spells: 3/3 levels left

rFire   . . .      SeeInvis .   a - +0 hand axe
rCold   . . .      Faith    .   (no shield)
rNeg    . . .      Spirit   .   b - +0 animal skin
rPois   .          Reflect  .   (no helmet)
rElec   .          Harm     .   (no cloak)
rCorr   .          Rampage  .   g - +0 pair of gloves
Will    .....                   (no boots)
Stlth   +.........              (no amulet)
HPRegen 0.12/turn               (no ring)
MPRegen 0.09/turn               (no ring)

@: no status effects
A: no striking features
a: Renounce Religion, Berserk, Trog's Hand


You were on level 3 of the Dungeon.
You worshipped Trog.
Trog was pleased with you.
You visited 1 branch of the dungeon, and saw 3 of its levels.

You collected 36 gold pieces.

Inventory:

Hand Weapons
 a - a +0 hand axe (weapon)
Armour
 b - a +0 animal skin (worn)
 g - a +0 pair of gloves (worn)
Scrolls
 c - a scroll of noise {unknown}
 e - a scroll of fog {unknown}
 f - a scroll of torment {unknown}
 h - a scroll of identify {unknown}
 j - a scroll of amnesia {unknown}
Potions
 d - 3 potions of curing {unknown}
 i - a potion of attraction {unknown}


   Skills:
 + Level 3.9 Fighting
 + Level 3.9 Axes
 + Level 3.1 Armour
 - Level 2.0 Dodging


You had 3 spell levels left.
You didn't know any spells.
Your spell library was empty.

Dungeon Overview and Level Annotations

Branches:
Dungeon (3/15)

Altars:

Annotations:
D:3 Grinder, Sigmund


Message History

Sigmund is nearby!
Sigmund is nearby!
Grinder comes into view.
Sigmund shouts!
Grinder gestures at you.
You suddenly lose the ability to move!
Sigmund casts a spell at you. The puff of flame hits you!
Sigmund hits you from afar with a +0 scythe.
Sigmund points at you and mumbles some strange words.
You are confused.
Grinder says, "You look like you could use a good racking."
Grinder gestures at you. Pain shoots through your body!
Sigmund hits you from afar with a +0 scythe!
* * * LOW HITPOINT WARNING * * *
Grinder gestures at you. You resist with significant effort.
You can move again.
Unknown command.
You are too confused!
You bump into the rock wall.
Sigmund closely misses you.
Grinder blinks!
You bump into the rock wall.
You feel less confused. Sigmund casts a spell at you. The magic dart hits you.
* * * LOW HITPOINT WARNING * * *
Grinder says, "Make like a tree!"
Sigmund points at you and mumbles some strange words.
You are confused.
Sigmund gestures at you while chanting. You resist with some effort.
Grinder gestures at you. You resist with significant effort.
Sigmund points at you and mumbles some strange words.
You resist with some effort.
Grinder blinks!
You bump into the rock wall.
You feel less confused.
Sigmund hits you from afar with a +0 scythe!
You die...

#..# #.## ##.#
### ###..# .>#
##..ยง##
#.###....# #
#.##..@..#
#.###.#..#.###
#..<......@#
#)........##
..........>...#
..#............#
..............#
...#..........##
.........#...##
##.##..####...
#.. #####


You could see Sigmund.

Vanquished Creatures
  An orc wizard (D:2)
  An adder (D:2)
  2 adder skeletons (D:2)
  A worm (D:2)
  2 dart slugs
  4 orcs (D:2)
  6 ball pythons
  3 endoplasms (D:1)
  3 giant cockroaches (D:1)
  2 goblins
  3 hobgoblins (D:1)
  2 jackals (D:3)
  2 quokkas
  A bat (D:1)
  4 frilled lizards
  3 kobolds (D:1)
  6 rats
46 creatures vanquished.

Notes
Turn   | Place    | Note
-------+----------+-------------------------------------------
     0 | D:1      | bobregger the Human Berserker began the quest for the Orb.
     0 | D:1      | Reached XP level 1. HP: 18/18 MP: 1/1
   160 | D:1      | Reached XP level 2. HP: 24/24 MP: 2/2
   495 | D:1      | Reached XP level 3. HP: 29/29 MP: 3/3
   567 | D:1      | Reached ** piety under Trog
   616 | D:1      | Found a faded altar of an unknown god.
  1431 | D:2      | Reached XP level 4. HP: 12/37 MP: 4/4
  2917 | D:3      | Noticed Sigmund
  2918 | D:3      | Noticed Grinder
  2919 | D:3      | Paralysed by Grinder for 7 turns
  2942 | D:3      | Slain by Sigmund

Illustrated notes

Levels and vault maps discovered:
D:1:      heliophobic_arrival_dark_side_of_the_moon, layout_loops_ring,
          shapermc_ecumenical_altar_mp_ritualfount
D:2:      layout_loops_corners
D:3:      layout_rooms, serial_curves, eino_curves_04, eino_curves_04,
          hangedman_decor_clover_reticule, uniq_sigmund, uniq_grinder

Skill      XL: |  1  2  3  4 |
---------------+-------------+-----
Armour         | 3 |  3.1
Fighting       | |  3.9
Axes           | |  3.9
Dodging        | |  2.0

Action                   |  1- 3 |  4- 6 || total
-------------------------+-------+-------++-------
Melee: Hand axe          |    85 |    67 ||   152
       Punch             |     1 |     2 ||     3
Invok: Berserk           |     1 |     1 ||     2
 Stab: Sleeping          |       |     1 ||     1
Armor: Animal skin       |    13 |    16 ||    29
Dodge: Dodged            |    56 |    41 ||    97
